 Dungeon Crawl Stone Soup version 0.30-a0-137-gd8773701ce (webtiles) character file.

Game seed: 1046770724012686384

4 halvedace the Charlatan (level 1, 0/15 HPs)
             Began as a Human Artificer on Sept 15, 2022.
             Slain by a ball python (1 damage)
             ... on level 1 of the Dungeon on Sept 21, 2022.
             The game lasted 00:04:31 (153 turns).

halvedace the Charlatan (Human Artificer)            Turns: 153, Time: 00:04:32

Health: 0/15       AC:  3    Str: 12    XL:     1   Next: 66%
Magic:  1/1        EV: 11    Int: 11    God:
Gold:   19         SH:  0    Dex: 13    Spells: 0/0 levels left

rFire   . . .      SeeInvis .    a - +0 club
rCold   . . .      Faith    .    (no shield)
rNeg    . . .      Spirit   .    b - +0 leather armour
rPois   .          Reflect  .    (no helmet)
rElec   .          Harm     .    (no cloak)
rCorr   .          Rampage  .    (no gloves)
Will    .....                    (no boots)
Stlth   +.........               (no amulet)
HPRegen 0.05/turn                (no ring)
MPRegen 0.07/turn                (no ring)

@: no status effects
A: no striking features
a: no special abilities


You were on level 1 of the Dungeon.
You visited 1 branch of the dungeon, and saw 1 of its levels.

You collected 19 gold pieces.

Inventory:

Hand Weapons
 a - a +0 club (weapon)
Armour
 b - a +0 leather armour (worn)
Wands
 c - a wand of flame (15) (quivered)
 d - a wand of charming (15)
 e - a wand of iceblast (5)
Scrolls
 f - a scroll of identify {unknown}


   Skills:
 + Level 1.1 Fighting
 + Level 2.0 Armour
 + Level 1.1 Dodging
 + Level 1.1 Stealth
 + Level 3.0 Evocations


You couldn't memorise any spells.
You didn't know any spells.
Your spell library contained the following spells:

 Spells                   Type           Power      Damage    Failure   Level
 Ensorcelled Hibernation  Hex/Ice        0%         N/A       56%         2
 Passwall                 Tmut/Erth      0%         N/A       56%         2
 Swiftness                Air            0%         N/A       80%         3


Dungeon Overview and Level Annotations

Branches:
Dungeon (1/15)

Altars:


Message History

You hit the giant cockroach but do no damage.
The giant cockroach is almost dead.
The giant cockroach closely misses you. x2
You closely miss the giant cockroach.
The giant cockroach is almost dead.
The giant cockroach bites you.
You hit the giant cockroach but do no damage.
The giant cockroach is almost dead.
The giant cockroach misses you. The giant cockroach barely misses you.
You hit the giant cockroach.
You kill the giant cockroach!
You see here a giant cockroach corpse.
Really walk into that dispersal trap? [Y]es or [N]o only, please.
Really walk into that dispersal trap?
You enter a dispersal trap!
The quokka blinks!
You blink.
A kobold comes into view. It is wielding a +0 club.
A kobold comes into view. It is wielding a +0 dagger.
Found a whip.
A rat comes into view.
The kobold shouts!
The kobold hits you with a +0 club.
The rat moves out of view.
You hit the kobold but do no damage. The kobold barely misses you.
You hit the kobold but do no damage.
A ball python comes into view.
The kobold hits you with a +0 club.
* * * LOW HITPOINT WARNING * * *
You closely miss the kobold.
The ball python hisses angrily.
The kobold hits you but does no damage. x2; The kobold barely misses you. x2
You hit the kobold.
The kobold is moderately wounded.
The kobold barely misses you. The kobold hits you with a +0 club.
* * * LOW HITPOINT WARNING * * *
You barely miss the kobold.
The kobold is moderately wounded.
The ball python barely misses you. The ball python closely misses you.
The kobold completely misses you. The kobold closely misses you.
The ball python bites you.
You die...

## # .# .# .# . .#
.#.# .. #..# #####
...$)###KS#
....####.......K@.#
..............##..#
..........######.###
###....... #......#
..##...# #......#
##.....# ###......#
.......# #........#
#....######....#####
#....# #..........#


You could see a ball python and 2 kobolds.

Vanquished Creatures
  A giant cockroach (D:1)
  A ball python (D:1)
  2 bats (D:1)
4 creatures vanquished.

Notes
Turn   | Place    | Note
-------+----------+-------------------------------------------
     0 | D:1      | halvedace the Human Artificer began the quest for the Orb.
     0 | D:1      | Reached XP level 1. HP: 15/15 MP: 1/1
   110 | D:1      | Upgraded the game from 0.30-a0-122-g2a1322497e to
                  | 0.30-a0-137-gd8773701ce
   153 | D:1      | Slain by a ball python

Illustrated notes

Levels and vault maps discovered:
D:1:      dpeg_arrival_windows_large_door, layout_basic, minmay_tetromino_l4

Action                   || total
-------------------------++-------
Melee: Club              ||    26
       Punch             ||     1
Armor: Leather armour    ||    16
Dodge: Dodged            ||    26

Table legend: (Time is in decaauts)
 A = Elapsed time spent in this place.
 B = Non-inter-level travel time spent in this place.
 C = Inter-level travel time spent in this place.
 D = Time resting spent in this place.
 E = Time spent auto-exploring this place.
 F = Levels seen in this place.
 G = Mean time per level.
                   A        B        C        D        E       F      G
               +--------+--------+--------+--------+--------+-----+--------+
         Total |    160 |    160 |      0 |      0 |     20 |   1 |  160.0 |
       Dungeon |    160 |    160 |      0 |      0 |     20 |   1 |  160.0 |
               +--------+--------+--------+--------+--------+-----+--------+

Top non-repeatable levels by time:
     D:1: 160 daAuts
